 Dungeon Crawl Stone Soup version 0.16.2-12-gd0ad4c3 (webtiles) character file.

63 dvd the Ducker (level 3, 0/15 HPs)
             Began as a Felid Transmuter on Oct 26, 2015.
             Slain by Purgy (3 damage)
             ... in a sewer.
             The game lasted 00:21:08 (3792 turns).

dvd the Ducker (Felid Transmuter)                   Turns: 3792, Time: 00:21:08

Health: 0/15       AC:  1    Str:  6    XL:     3   Next: 89%
Magic:  7/8        EV: 19    Int: 14    God:
Gold:   123        SH:  0    Dex: 17    Spells: 2 memorised, 4 levels left
                                        Lives:  0   Deaths: 1

rFire  . . .     SeeInvis +       - Unarmed
rCold  . . .     Clarity  .     (armour unavailable)
rNeg   + . .     SustAb   .     (shield unavailable)
rPois  .         Gourm    .     (helmet unavailable)
rElec  .         Spirit   .     (cloak unavailable)
rCorr  .         Warding  +     (gloves unavailable)
rMut   .         Stasis   .     (boots unavailable)
MR     .....                    e - amulet of warding
Stlth  +++.......               (no ring)
                                (no ring)

@: appendage, quick, not resistant to hostile enchantments, fairly stealthy
A: paw claws, no armour, no weapons or thrown items, fangs 3, horns 2, see
invisible, carnivore 3, speed 1, shaggy fur 1, slow metabolism 1, sharp paws
a: End Transformation


You were in a sewer.
You were very full.
You had grown temporary horns.
You visited 1 branch of the dungeon, and saw 3 of its levels.
You also visited: Sewer.

You collected 123 gold pieces.

Inventory:

Missiles
 b - 26 arrows
Jewellery
 e - an amulet of warding (around neck)
Magical devices
 c - a wand of teleportation (4)
Scrolls
 f - 3 scrolls of teleportation {unknown}
 h - 4 scrolls of remove curse {unknown}
 i - 2 scrolls of identify {unknown}
 j - a scroll of fog {unknown}
 k - a scroll of noise {unknown}
 l - a scroll of recharging {unknown}
 m - a scroll of blinking {unknown}
Books
 d - a book of Changes

   Spells                             Type                      Level
   a - Beastly Appendage              Transmutation                1
   b - Sticks to Snakes               Transmutation                2
   c - Spider Form                    Transmutation/Poison         3
   d - Ice Form                       Ice/Transmutation            4
   e - Blade Hands                    Transmutation                5
Comestibles
 a - a meat ration


   Skills:
 + Level 1.3 Fighting
 + Level 3.6 Dodging
 + Level 1.9 Stealth
 + Level 3.5 Unarmed Combat
 + Level 2.7 Spellcasting
 + Level 3.1 Transmutations


You had 4 spell levels left.
You knew the following spells:

 Your Spells              Type           Power        Failure   Level  Hunger
a - Beastly Appendage     Trmt           ##....       10%         1    #......
b - Sticks to Snakes      Trmt           ##........   12%         2    ###....


Dungeon Overview and Level Annotations

Branches:
Dungeon (3/15)

Altars:

Annotations:
Sewer Purgy


Innate Abilities, Weirdness & Mutations

You cannot wear armour.
You are incapable of wielding weapons or throwing items.
You have razor-sharp teeth.
You have supernaturally acute eyesight.
You are carnivorous and can eat meat at any time.
You cover ground quickly.
You are covered in fur (AC +1).
You have a slow metabolism.
Your paws have sharp claws that are effective at stabbing.
You have a pair of horns on your head.


Message History

Confirm with . or Enter, or press ? or * to list all spells.
You grow a pair of large bovine horns.
There is an open door here.
The helpless Purgy fails to defend himself.
You mangle Purgy!!
Purgy begins to bleed from his wounds!
Your headbutt misses Purgy.
Purgy is heavily wounded.
Purgy bites you!
Ouch! That really hurt!
Purgy claws you.
* * * LOW HITPOINT WARNING * * *
Purgy misses you.
You claw Purgy! Your bite misses Purgy.
Purgy is severely wounded.
Purgy barely misses you. Purgy closely misses you. Purgy claws you.
* * * LOW HITPOINT WARNING * * *
You claw Purgy!
Purgy is almost dead.
Purgy misses you. Purgy barely misses you. Purgy claws you.
You die...

####.≈≈≈.#
####.≈≈≈.#
#.)'.≈≈≈.+
####.≈≈≈.#
####.≈≈≈.#
#..'.≈≈≈.+
####.≈≈≈.#
####.≈≈≈.#
#.T@.≈≈≈.+
##########
≈≈≈# ≈≈≈#
≈≈≈# ≈≈≈#
≈≈≈# ≈≈≈#
≈


You could see Purgy (bleeding).

Vanquished Creatures
  An adder (D:2)
  A river rat (D:3)
  2 worms (D:2)
  An ooze (D:1)
  4 ball pythons
  9 bats
  3 goblins (D:2)
  6 hobgoblins
  14 jackals
  6 kobolds
  2 quokkas (D:2)
  3 giant cockroaches
  3 giant newts (D:1)
  6 rats
  A bush (D:1)
62 creatures vanquished.

Vanquished Creatures (collateral kills)
  An adder (D:3)
  A river rat (D:3)
  A ball python (D:3)
  A giant newt (D:2)
  A kobold (D:2)
5 creatures vanquished.

Grand Total: 67 creatures vanquished

Notes
Turn   | Place    | Note
--------------------------------------------------------------
     0 | D:1      | dvd, the Felid Transmuter, began the quest for the Orb.
     0 | D:1      | Reached XP level 1. HP: 9/9 MP: 4/4
   497 | D:1      | Reached XP level 2. HP: 5/12 MP: 3/5
   958 | D:1      | Reached skill level 1 in Stealth
  1314 | D:1      | Reached XP level 3. HP: 13/15 MP: 6/8
  2864 | D:2      | Reached XP level 4. HP: 12/19 MP: 9/11
  3244 | D:2      | Learned a level 2 spell: Sticks to Snakes
  3526 | D:3      | Succumbed to an adder's poison
  3527 | D:3      | Reached XP level 3. HP: 0/15 MP: 8/8
  3546 | D:3      | Found a glowing drain.
  3705 | Sewer    | Entered a sewer
  3787 | Sewer    | Noticed Purgy
  3792 | Sewer    | Slain by Purgy

Action                   |  1- 3 |  4- 6 || total
-------------------------+-------+-------++-------
Melee: Unarmed           |   294 |    43 ||   337
 Cast: Beastly Appendage |    37 |     7 ||    44
       Sticks to Snakes  |     3 |     3 ||     6
  Use: Potion            |       |     2 ||     2
 Stab: Sleeping          |     5 |     1 ||     6
  Eat: Chunk             |    15 |     3 ||    18
